 Dungeon Crawl Stone Soup version 0.30.0 (webtiles) character file.

Game seed: 14795851240540386367

15 Dani the Trooper (level 2, 9/24 HPs)
             Began as a Demonspawn Fighter on May 19, 2023.
             Quit the game on level 1 of the Dungeon.
             The game lasted 00:00:48 (83 turns).

Dani the Trooper (Demonspawn Fighter)                 Turns: 83, Time: 00:00:49

Health: 9/24       AC:  6    Str: 16    XL:     2   Next: 34%
Magic:  2/2        EV: 10    Int:  9    God:
Gold:   26         SH:  4    Dex: 12    Spells: 1/1 levels left

rFire   . . .        a - +0 war axe
rCold   . . .        c - +0 buckler
rNeg    . . .        b - +0 scale mail
rPois   .            (no helmet)
rElec   .            (no cloak)
rCorr   .            (no gloves)
SInv    .            (no boots)
Will    .....        (no amulet) Stlth
                     (no ring)
HPRegen 0.24/turn    (no ring)
MPRegen 0.08/turn

%: no passive effects
@: no status effects
A: repulsion field 1
a: no special abilities


You were on level 1 of the Dungeon.
You visited 1 branch of the dungeon, and saw 2 of its levels.

You collected 26 gold pieces.

Inventory:

Hand Weapons
 a - a +0 war axe (weapon)
Armour
 b - a +0 scale mail (worn)
 c - a +0 buckler (worn)
Potions
 d - a potion of might


   Skills:
 - Level 3.0 Fighting
 + Level 2.7 Axes
 - Level 2.6 Armour
 - Level 2.6 Shields


You had one spell level left.
You didn't know any spells.
Your spell library was empty.

Dungeon Overview and Level Annotations

Branches:
Dungeon (2/15)

Altars:


Innate Abilities, Weirdness & Mutations

You are surrounded by a mild repulsion field. (EV +2)


Message History

You now have 12 gold pieces.
Key pressed, stopping explore.
Key pressed, stopping explore.
You now have 26 gold pieces (gained 14).
Key pressed, stopping explore.
Found a stone staircase leading down.
Key pressed, stopping explore.
An endoplasm comes into view.
The endoplasm quivers.
An endoplasm is nearby!
An endoplasm is nearby!
Unknown command.
A goblin comes into view. It is wielding a +0 dagger.
The endoplasm freezes you.
You are frozen.
You hit the endoplasm but do no damage. The endoplasm freezes you.
You are frozen.
You slash the endoplasm!
You kill the endoplasm!
You slash the goblin!
You kill the goblin!
Your Axes skill increases to level 2!
No target in view!
No target in view!
There is a stone staircase leading down here.
You climb downwards.
The adder hisses angrily.
Found a fuming cyan potion and a scroll labelled GASUESHI JUDDA.
Found an escape hatch in the floor.
There is a stone staircase leading up here.
A goblin comes into view. It is wielding a +0 club.
The goblin shouts!
You hear a shout! x2
The adder bites you.
You miss the adder.
The adder bites you but does no damage. x2
You closely miss the adder. The adder barely misses you. x2
You hit the adder.
The adder is severely wounded.
The adder closely misses you. The adder barely misses you.
You barely miss the adder.
The adder is severely wounded.
You hit the goblin but do no damage. The goblin hits you with a +0 club.
You block the adder's attack.
You barely miss the adder.
The adder is severely wounded.
You hit the goblin. The adder bites you.
You are poisoned.
The adder poisons you! The goblin hits you but does no damage.
A goblin comes into view. It is wielding a +0 dagger.
The adder bites you. The goblin hits you but does no damage.
A kobold comes into view. It is wielding a +0 short sword.
You closely miss the adder.
The adder is severely wounded.
You hit the goblin but do no damage.
You feel sick. The adder bites you but does no damage.
The goblin closely misses you. The adder barely misses you.
You miss the adder.
The adder is severely wounded.
You hit the goblin.
You kill the goblin!
You feel sick.
The adder bites you but does no damage. x2
You slash the adder!
You kill the adder!
You completely miss the goblin.
You feel sick. The goblin hits you with a +0 dagger.
* * * LOW HITPOINT WARNING * * *
You have reached level 2!
Your demonic ancestry asserts itself...
You begin to radiate repulsive energy.
You barely miss the goblin.
You feel sick.
You are no longer poisoned.
The goblin hits you but does no damage. You block the goblin's attack.
You hit the goblin but do no damage. You hit the kobold but do no damage.
The kobold hits you but does no damage. The goblin hits you with a +0 dagger.
* * * LOW HITPOINT WARNING * * *
You miss the kobold. You slash the goblin!
You kill the goblin!
You block the kobold's attack.
You closely miss the kobold. The kobold closely misses you.
The kobold hits you but does no damage.
A rat comes into view.
You barely miss the kobold. The kobold barely misses you.
The kobold hits you but does no damage.
There is a stone staircase leading up here.
The kobold completely misses you.
You climb upwards.
There is a stone staircase leading down here.
You are too injured to fight recklessly!
You are too injured to fight recklessly!
You closely miss the kobold. You block the kobold's attack.
The kobold hits you but does no damage.
You barely miss the kobold. The kobold completely misses you.
You slash the kobold!
You kill the kobold!
Things that are here:
a +0 short sword; a stone; a kobold corpse
Things that are here:
a +0 short sword; a stone; a kobold corpse
There is a stone staircase leading down here.
Are you sure you want to abandon this character and quit the game? (Confirm with "yes".)

#.# ##..≈≈≈≈ ##.##
##..≈≈.♣.
##...###..≈≈....
.####.....##.≈≈.♣..<
.........###.≈..8...
......#.####.≈......
#.###........≈≈.....
#.#####.####..≈≈....
#..@)...# #...≈≈...
#######.# ##...≈≈≈.
#.# ##...... #.#
##.....
##.#######.....
#..............
####..#...##......
........#.########
#.###...)..#


There were no monsters in sight!

Vanquished Creatures
  An adder (D:2)
  An endoplasm (D:1)
  3 goblins
  A kobold (D:1)
6 creatures vanquished.

Vanquished Creatures (others)
  5 toadstools (D:1)
5 creatures vanquished.

Grand Total: 11 creatures vanquished

Notes
Turn   | Place    | Note
-------+----------+-------------------------------------------
     0 | D:1      | Dani the Demonspawn Fighter began the quest for the Orb.
     0 | D:1      | Reached XP level 1. HP: 18/18 MP: 1/1
    47 | D:1      | Reached skill level 2 in Axes
    68 | D:2      | Gained mutation: You are surrounded by a mild repulsion
                  | field. (EV +2) [demonic ancestry]
    68 | D:2      | Reached XP level 2. HP: 7/24 MP: 2/2
    68 | D:2      | HP: 5/24 [poisoned by an adder]
    83 | D:1      | Quit the game

Illustrated notes

Levels and vault maps discovered:
D:1:      moated_graveyard_arrival, layout_loops_corners,
          basic_ecumenical_altar, grunt_decor_resistance, chequers_arboretum,
          minivault_14, minmay_gold_behind_fungi, chequers_serial_rivers_micro_e
D:2:      layout_rooms, basic_altar, serial_rivers,
          chequers_serial_rivers_large_b, chequers_serial_rivers_room_a,
          chequers_serial_rivers_marsh, chequers_serial_rivers_large_a,
          chequers_serial_rivers_micro_a, chequers_serial_rivers_micro_a,
          uniq_robin, uniq_jessica

Skill      XL: |  1 |
---------------+----+-----
Axes           | 2 |  2.7
Fighting       | |  3.0
Armour         | |  2.6
Shields        | |  2.6

Action                     || total
---------------------------++-------
  Melee: War axe           ||    19
 Armour: Scale mail        ||    12
  Dodge: Dodged            ||    10
  Block: Buckler           ||     4

Levels and vault maps discovered:
D:1:      moated_graveyard_arrival, layout_loops_corners,
          basic_ecumenical_altar, grunt_decor_resistance, chequers_arboretum,
          minivault_14, minmay_gold_behind_fungi, chequers_serial_rivers_micro_e
D:2:      layout_rooms, basic_altar, serial_rivers,
          chequers_serial_rivers_large_b, chequers_serial_rivers_room_a,
          chequers_serial_rivers_marsh, chequers_serial_rivers_large_a,
          chequers_serial_rivers_micro_a, chequers_serial_rivers_micro_a,
          uniq_robin, uniq_jessica

Table legend: (Time is in decaauts)
 A = Elapsed time spent in this place.
 B = Non-inter-level travel time spent in this place.
 C = Inter-level travel time spent in this place.
 D = Time resting spent in this place.
 E = Time spent auto-exploring this place.
 F = Levels seen in this place.
 G = Mean time per level.
                   A        B        C        D        E       F      G
               +--------+--------+--------+--------+--------+-----+--------+
         Total |     91 |     91 |      0 |      0 |     39 |   2 |   45.5 |
       Dungeon |     91 |     91 |      0 |      0 |     39 |   2 |   45.5 |
               +--------+--------+--------+--------+--------+-----+--------+

Top non-repeatable levels by time:
     D:1: 69 daAuts
     D:2: 22 daAuts

Table legend:
 A = Kills in this place as a percentage of kills in the entire game.
 B = Kills by you in this place as a percentage of kills by you in the entire game.
 C = Kills by friends in this place as a percentage of kills by friends in the entire game.
 D = Other kills in this place as a percentage of other kills in the entire game.
 E = Experience gained in this place as a percentage of experience gained in the entire game.
 F = Experience gained in this place divided by the number of levels of this place that you have seen.
                   A       B       C       D       E      F
               +-------+-------+-------+-------+-------+----------------------
         Total | 100.0 | 100.0 |   N/A |   N/A | 100.0 |  11.0
       Dungeon | 100.0 | 100.0 |   N/A |   N/A | 100.0 |  11.0
               +-------+-------+-------+-------+-------+----------------------
